 Dungeon Crawl Stone Soup version 0.24.0-13-gcf9b3192b9 (webtiles) character file.

Game seed: 15302971172703113956, levelgen mode: deterministic

11384 Curus the Nimble (level 11, -1/95 HPs)
             Began as a Merfolk Gladiator on Nov 8, 2019.
             Was a High Priest of Okawaru.
             Slain by an eight-headed hydra (13 damage)
             ... on level 1 of the Lair of Beasts.
             The game lasted 00:59:43 (9193 turns).

Curus the Nimble (Merfolk Gladiator)                Turns: 9193, Time: 00:59:44

Health: -1/95      AC: 13    Str: 15    XL:     11   Next: 76%
Magic:  12/14      EV: 28    Int:  8    God:    Okawaru [*****.]
Gold:   68         SH:  0    Dex: 20    Spells: 10/10 levels left

rFire    + . .     SeeInvis +   w - +2 spear (freeze)
rCold    + . .     Gourm    .   (no shield)
rNeg     . . .     Faith    .   r - +0 leather armour {rC+}
rPois    .         Spirit   .   l - +2 helmet
rElec    .         Reflect  .   (no cloak)
rCorr    .         Harm     .   e - +0 pair of gloves
MR       .....                  h - +1 pair of boots
Stlth    +++.......             (no amulet)
HPRegen  0.25/turn              A - ring of protection from fire
MPRegen  0.14/turn              F - ring of see invisible

@: heroism
A: change form in water, swift swim, stealthy swim, claws 1, slimy green scales
1, agile 1
a: Heroism, Finesse, Renounce Religion


You were on level 1 of the Lair of Beasts.
You worshipped Okawaru.
Okawaru was extremely pleased with you.
You were not hungry.

You visited 3 branches of the dungeon, and saw 12 of its levels.

You collected 566 gold pieces.
You spent 498 gold pieces at shops.

Inventory:

Hand Weapons
 a - a +0 trident
 s - a +3 spear of flaming
 w - a +2 spear of freezing (weapon)
Missiles
 d - 3 throwing nets (quivered)
Armour
 b - a +0 leather armour
 c - a +1 helmet
 e - a +0 pair of gloves (worn)
 h - a +1 pair of boots (worn)
 l - a +2 helmet (worn)
 o - quicksilver dragon scales
 r - a +0 leather armour of cold resistance (worn)
 K - the +4 ring mail of Lugonu's Hatred {Dex+3, unknown}
   (You acquired it on level 1 of the Lair of Beasts)

   It affects your dexterity (+3).
Jewellery
 m - an uncursed ring of wizardry
 q - an uncursed ring of stealth
 A - a ring of protection from fire (left hand)
 B - an uncursed ring of fire
 C - a cursed amulet of inaccuracy
 F - a ring of see invisible (right hand)
 G - a +4 ring of protection
 H - a cursed ring of teleportation
Wands
 p - a wand of polymorph (17)
 t - a wand of random effects (16)
 v - a wand of clouds (2)
 x - a wand of acid (17)
 D - a wand of flame (12)
 M - a wand of iceblast (8)
 N - a wand of digging (7)
Scrolls
 j - 5 scrolls of remove curse
 k - 4 scrolls of identify
 n - 3 scrolls of fog
 u - 5 scrolls of teleportation
 y - 2 scrolls of blinking
 E - 2 scrolls of fear
Potions
 g - a potion of degeneration
 i - a potion of brilliance
 z - 3 potions of heal wounds
 I - a potion of agility
 J - a potion of invisibility
Comestibles
 f - 19 rations
 L - 4 chunks of flesh


   Skills:
 - Level 11.7(16.7) Fighting
 - Level 12.2(17.2) Polearms
 - Level 2.0(7.0) Throwing
 + Level 3.2(8.2) Armour
 - Level 13.9(18.9) Dodging
 + Level 4.8 Invocations


You had 10 spell levels left.
You didn't know any spells.
Your spell library contained the following spells:

 Spells                   Type           Power        Failure   Level  Hunger
 Animate Skeleton         Necr           N/A          45%         1    ##.....
 Apportation              Tloc           #.....       45%         1    ##.....
 Confusing Touch          Hex            #.....       45%         1    ##.....
 Flame Tongue             Conj/Fire      #....        45%         1    ##.....
 Summon Small Mammal      Summ           #...         45%         1    ##.....
 Throw Flame              Conj/Fire      #.....       61%         2    ###....
 Conjure Flame            Conj/Fire      #.......     83%         3    ####...
 Inner Flame              Hex/Fire       #.......     83%         3    ####...
 Sticky Flame             Conj/Fire      #.......     99%         4    #####..
 Fireball                 Conj/Fire      #.........   100%        5    ######.


Dungeon Overview and Level Annotations

Branches:
Dungeon (10/15)            Temple (1/1) D:6            Lair (1/6) D:10
    Orc (0/2) D:9

Altars:
Cheibriados
Dithmenos
Elyvilon
Fedhas
Gozag
Hepliaklqana
Kikubaaqudgha
Makhleb
Nemelex Xobeh
Okawaru
Qazlal
Ru
Trog
Uskayaw
Vehumet
Wu Jian
Xom
Zin
The Shining One
Beogh

Shops:
D:6 *}**   D:9 ==*(


Innate Abilities, Weirdness & Mutations

You revert to your normal form in water.
You are very nimble and swift while swimming.
You are very stealthy in the water. (Stealth+)
You have sharp fingernails.
You are partially covered in slimy green scales. (AC +2)
You are agile. (Dex +2)


Message History

The eight-headed hydra barely misses you.
The eight-headed hydra bites you!
You gain the combat prowess of a mighty hero.
You hit the eight-headed hydra.
The eight-headed hydra seems to slow down.
You freeze the eight-headed hydra. You punch the eight-headed hydra.
The eight-headed hydra is heavily wounded.
You hit the eight-headed hydra.
The eight-headed hydra seems to slow down.
You freeze the eight-headed hydra. You punch the eight-headed hydra.
The eight-headed hydra is heavily wounded.
The eight-headed hydra completely misses you.
The eight-headed hydra bites you! x2
* * * LOW HITPOINT WARNING * * *
The eight-headed hydra bites you.
* * * LOW HITPOINT WARNING * * *
The eight-headed hydra bites you!
* * * LOW HITPOINT WARNING * * *
The eight-headed hydra misses you. The eight-headed hydra bites you!
You die...

..#.#.##...##.†(P..P.#
#.....†........†P....#
#...........##P.....P###
†...........#P........P.
#...........###♣........
#..###.#..#..##♣........
#..# .......#..........
...# ...........♣......
.... ..........@..♣....
.###. .........D.......
.# # ............... .#
...[..$........ .#
...#........... ##
..###.......... ##
P.######### ###


You could see an eight-headed hydra.

Vanquished Creatures
  A two-headed ogre (D:5)
  3 spiny frogs (Lair:1)
  Joseph (D:9)
  A komodo dragon (Lair:1)
  A troll (D:10)
  3 hippogriffs
  The ghost of tonywhite87 the Covert, an amateur OpAs (D:5)
  A basilisk (Lair:1)
  5 wraiths (D:8)
  Eustachio (D:5)
  A human (D:7)
  9 yaks
  2 hogs (D:7)
  3 porcupines (Lair:1)
  3 orc warriors
  2 sky beasts
  3 phantoms
  The ghost of Utbildad1 the Shooter, an amateur CeHu (D:4)
  4 ogres
  A necrophage (D:8)
  2 centaurs (D:8)
  3 big kobolds
  2 crocodiles
  6 bullfrogs
  4 scorpions
  17 killer bees
  10 wights
  4 howler monkeys
  A bullfrog zombie (D:5)
  A centaur zombie (D:8)
  A crimson imp (D:7)
  2 quasits
  4 hounds
  3 human zombies (D:8)
  3 jellies (D:7)
  7 orc priests
  13 orc wizards
  A centaur skeleton (D:8)
  2 iguanas
  A human skeleton (D:8)
  13 worker ants
  A hound skeleton (D:7)
  3 mummies (D:8)
  A howler monkey skeleton (D:6)
  A worker ant zombie (D:7)
  7 adders
  3 gnolls (D:4)
  2 shadow imps
  4 adder skeletons
  5 worms
  4 dart slugs
  7 leopard geckos
  40 orcs
  A ball python (D:2)
  12 bats
  A bat zombie (D:6)
  4 giant cockroaches
  2 goblins (D:1)
  3 hobgoblins
  8 jackals
  19 kobolds
  5 quokkas
  3 frilled lizards
  2 jackal skeletons
  A leopard gecko skeleton (D:4)
  9 rats
  A rat zombie (D:6)
296 creatures vanquished.

Vanquished Creatures (others)
  A kobold (D:3)
  A rat (D:3)
  3 bushes (Lair:1)
5 creatures vanquished.

Grand Total: 301 creatures vanquished

Notes
Turn   | Place    | Note
-------+----------+-------------------------------------------
     0 | D:1      | Curus the Merfolk Gladiator began the quest for the Orb.
     0 | D:1      | Reached XP level 1. HP: 16/16 MP: 1/1
    23 | D:1      | Reached skill level 5 in Polearms
    51 | D:1      | Reached XP level 2. HP: 17/22 MP: 2/2
   206 | D:1      | Reached XP level 3. HP: 27/27 MP: 3/3
   651 | D:2      | Reached XP level 4. HP: 17/33 MP: 4/4
  1362 | D:3      | Found a radiant altar of Vehumet.
  1397 | D:3      | Reached XP level 5. HP: 35/38 MP: 5/5
  1538 | D:3      | Noticed a +0 hand axe
  1539 | D:3      | Found a hide-covered altar of Uskayaw.
  1539 | D:3      | Noticed a +0 hand axe
  1927 | D:4      | Found an ornate altar of the Wu Jian Council.
  2114 | D:4      | Reached XP level 6. HP: 25/44 MP: 6/6
  2396 | D:4      | Found a runed translucent door.
  2411 | D:4      | Reached skill level 10 in Polearms
  2413 | D:4      | Noticed Utbildad1's ghost (amateur CeHu)
  2439 | D:4      | Killed Utbildad1's ghost
  2439 | D:4      | Reached XP level 7. HP: 40/50 MP: 7/7
  2979 | D:5      | Entered Level 5 of the Dungeon
  3010 | D:5      | Noticed Eustachio
  3035 | D:5      | Killed Eustachio
  3104 | D:5      | Reached XP level 8. HP: 43/58 MP: 8/8
  3163 | D:5      | Gained mutation: You have sharp fingernails. [potion of
                  | mutation]
  3163 | D:5      | Gained mutation: You are partially covered in slimy green
                  | scales. (AC +2) [potion of mutation]
  3163 | D:5      | Gained mutation: You are agile. (Dex +2) [potion of
                  | mutation]
  3172 | D:5      | Reached skill level 5 in Dodging
  3295 | D:5      | Found a runed translucent door.
  3295 | D:5      | Noticed tonywhite87's ghost (amateur OpAs)
  3295 | D:5      | Noticed a two-headed ogre
  3399 | D:5      | Found a sacrificial altar of Ru.
  3527 | D:5      | You fall into a shaft and drop 2 floors!
  3685 | D:6      | Reached skill level 6 in Dodging
  3729 | D:6      | Found Gugo's General Store.
  3737 | D:6      | Bought a potion of heal wounds for 55 gold pieces
  3737 | D:6      | Bought a scroll of teleportation for 33 gold pieces
  3737 | D:6      | Bought a scroll of fog for 22 gold pieces
  3771 | D:6      | Found a white marble altar of Elyvilon.
  3828 | D:5      | Killed tonywhite87's ghost
  3828 | D:5      | Reached skill level 5 in Fighting
  3828 | D:5      | Reached skill level 7 in Dodging
  3847 | D:5      | Killed a two-headed ogre
  3847 | D:5      | Reached skill level 8 in Dodging
  3847 | D:5      | Reached XP level 9. HP: 27/71 MP: 9/9
  4235 | D:6      | Found a staircase to the Ecumenical Temple.
  4262 | D:6      | Reached skill level 9 in Dodging
  4374 | Temple   | Entered the Ecumenical Temple
  4384 | Temple   | Became a worshipper of Warmaster Okawaru
  4431 | D:6      | Found Feuschy's Assorted Antiques.
  4444 | D:6      | Bought a scroll of teleportation for 90 gold pieces
  4508 | D:6      | Found Taxol's General Store.
  4590 | D:6      | Found an ancient bone altar of Kikubaaqudgha.
  4626 | D:6      | Found Jumenk's Gadget Shoppe.
  4948 | D:7      | Reached skill level 10 in Dodging
  4973 | D:7      | Reached * piety under Okawaru
  5228 | D:7      | Reached XP level 10. HP: 78/82 MP: 10/10
  5245 | D:7      | Reached skill level 11 in Dodging
  6134 | D:8      | Reached ** piety under Okawaru
  6233 | D:8      | Reached skill level 12 in Dodging
  6236 | D:8      | Found a snail-covered altar of Cheibriados.
  6243 | D:8      | Reached skill level 10 in Fighting
  6418 | D:8      | Found an opulent altar of Gozag.
  6569 | D:8      | Found an ancient bone altar of Kikubaaqudgha.
  6609 | D:8      | Reached *** piety under Okawaru
  6753 | D:8      | Found a bloodstained altar of Trog.
  6753 | D:8      | Found a sparkling altar of Nemelex Xobeh.
  6758 | D:8      | Found a stormy altar of Qazlal.
  6760 | D:8      | Found a hazy altar of Hepliaklqana.
  6762 | D:8      | Found a faded altar of an unknown god.
  7016 | D:9      | Found Qeadomn's Jewellery Shoppe.
  7097 | D:9      | Noticed Joseph
  7108 | D:8      | Reached skill level 13 in Dodging
  7272 | D:9      | Reached XP level 11. HP: 26/93 MP: 9/11
  7288 | D:8      | Received a gift from Okawaru
  7578 | D:9      | Bought a cursed amulet of inaccuracy for 22 gold pieces
  7578 | D:9      | Bought an uncursed ring of see invisible for 165 gold
                  | pieces
  7694 | D:9      | Killed Joseph
  7740 | D:9      | Found Cuudi's Jewellery Shoppe.
  7758 | D:9      | Bought a cursed ring of teleportation for 67 gold pieces
  7854 | D:9      | Found a staircase to the Orcish Mines.
  7892 | D:9      | Found a roughly hewn altar of Beogh.
  7942 | D:9      | Found Jyvus's Antique Weapon Shop.
  8028 | D:9      | Found Apaofe's General Store.
  8036 | D:9      | Reached **** piety under Okawaru
  8043 | D:9      | Bought a potion of agility for 44 gold pieces
  8275 | D:10     | Entered Level 10 of the Dungeon
  8337 | D:10     | Found a staircase to the Lair.
  8359 | Lair:1   | Entered Level 1 of the Lair of Beasts
  8368 | Lair:1   | Reached skill level 1 in Invocations
  8383 | Lair:1   | Reached skill level 1 in Armour
  8834 | Lair:1   | Found a sparkling altar of Nemelex Xobeh.
  8841 | Lair:1   | Identified a scroll of acquirement
  8842 | Lair:1   | Got a distressingly furry ring mail
  9154 | Lair:1   | Reached ***** piety under Okawaru
  9168 | Lair:1   | Received a gift from Okawaru
  9181 | Lair:1   | Noticed an eight-headed hydra
  9193 | Lair:1   | Slain by an eight-headed hydra

Levels and vault maps discovered:
D:1:      dpeg_arrival_windows_large_door, layout_rooms
D:2:      layout_basic, first_ration
D:3:      layout_loops_corners, dancing_weapons_uskayaw, fiery_altar_vehumet
D:4:      layout_loops_ring, lemuel_doored_altar, ebering_ghost_sewer_d
D:5:      layout_cave_pools, ebering_ghost_inner_flame, nicolae_ru_awakened_eye,
          uniq_eustachio
D:6:      layout_rooms, lemuel_zombie_altar_kikubaaqudgha,
          minmay_temple_entry_slanted, serial_shops, nicolae_shop_statue_plus,
          nicolae_shop_crystal, nicolae_shop_statue_plus, kennysheep_mini,
          elyvilon_altar_5
D:7:      layout_basic, grunt_livestock, kennysheep_generic_room_16
D:8:      layout_basic, slow_altar_1, chequers_temple_overflow_minitemple,
          nicolae_gozag_cash_rules_everything_around_me,
          lemuel_mausoleum_altar_kikubaaqudgha
D:9:      layout_cave_pools, minmay_orc_entry_temple_small, serial_shops, shop,
          nicolae_shop_trees, shop, nicolae_shop_trees, uniq_joseph
D:10:     layout_irregular_city, lair_entry_dummy, gammafunk_ghost_grave,
          uniq_erica
Temple:   nicolae_temple_x_marks_the_god
Lair:1:   layout_gridlike, basic_altar, st_stairs_13,
          chequers_serial_rivers_micro_b, grunt_forest_large_clearing_hut

Skill      XL: |  1  2  3  4  5  6  7  8  9 10 11 |
---------------+----------------------------------+-----
Polearms       | 5 6 7 8 9 11 12 | 12.2
Fighting       | 3 6 8 11 | 11.7
Dodging        | 8 10 13 | 13.9
Invocations    | 4 |  4.8
Armour         | 3 |  3.2
Throwing       | |  2.0

Action                   |  1- 3 |  4- 6 |  7- 9 | 10-12 || total
-------------------------+-------+-------+-------+-------++-------
Melee: Trident           |   118 |   179 |    54 |       ||   351
       Spear             |       |       |   383 |   951 ||  1334
       Punch             |       |       |       |     2 ||     2
Throw: Throwing net      |       |       |     2 |       ||     2
Invok: Heroism           |       |       |       |     2 ||     2
  Use: Scroll            |     6 |     4 |     4 |     5 ||    19
       Potion            |       |     2 |     3 |     1 ||     6
 Stab: Sleeping          |     1 |       |     2 |     5 ||     8
  Eat: Chunk             |       |     5 |     6 |    10 ||    21
       Ration            |       |       |     1 |     1 ||     2
Armor: Leather armour    |    30 |    22 |       |     9 ||    61
       Quicksilver drago |       |    38 |    76 |   133 ||   247
Dodge: Dodged            |    69 |    92 |   157 |   628 ||   946
